[Event "*** Titled Tuesday Blitz"]
[Site "Chess.com"]
[Date "2019.02.05"]
[Round "10"]
[White "DrVelja"]
[Black "Abund"]
[Result "0-1"]
[WhiteElo "2622"]
[BlackElo "2589"]
[TimeControl "180+2"]
[EndTime "15:24:31 PST"]
[Termination "Abund won by resignation"]

1. e4 c5 2. Nf3 Nc6 3. d4 cxd4 4. Nxd4 Nf6 5. Nc3 e5 6. Ndb5 d6 7. Nd5 Nxd5 8. exd5 Nb8 9. a4 Be7 10. Be2 O-O 11.
O-O Nd7 12. Bd2 f5 13. a5 a6 14. Na3 e4 15. Nc4 Ne5 16. Nb6 Rb8 17. f4 exf3 18.
Bxf3 Bf6 19. Rb1 Bd7 20. c4 g5 21. c5 Bb5 22. Re1 Nd3 23. Re6 Nxc5 24. Rxf6 Qxf6 25.
Bc3 Qg6 26. Qd4 g4 27. Bd1 Rbe8 28. Bc2 Ne4 29. Bxe4 Rxe4 30. Qd2 f4 0-1

[Event "*** Titled Tuesday Blitz"]
[Site "Chess.com"]
[Date "2019.02.05"]
[Round "10"]
[White "Peng_Li-Min"]
[Black "BogdanDeac"]
[Result "1/2-1/2"]
[WhiteElo "2694"]
[BlackElo "2740"]
[TimeControl "180+2"]
[EndTime "15:24:45 PST"]
[Termination "Game drawn by agreement"]

1. e4 c5 2. Nc3 d6 3. f4 Nc6 4. Nf3 e6 5. Bc4 Nf6 6. d3 d5 7. Bb3 b5 8. exd5 exd5 9. Nxb5 Qa5+ 10. Nc3 d4 11. Bd2 dxc3 12. Bxc3 Qc7 13. Ne5 Be6 14. Qf3 Rc8 15. Nxc6 Qxc6 16. Qxc6+ Rxc6 17. Ba4 Kd7 18. Bxc6+ Kxc6 19. Bxf6 gxf6 20. b3 h5 21. Kd2 h4 22. Rhg1 f5 23. Rae1 Bg7 24. c3 a5 25. Kc2 Bf8 26. Re2 Bd6 27. g3 Rg8 28. Reg2 Bd5 29. Rf2 hxg3 30. hxg3 Rh8 31. g4 Rg8 32. g5 a4 33. c4 axb3+ 34. axb3 Be6 35. Rh1 Ra8 36. Kc3 Bc7 37. Rh6 Ba5+ 38. Kb2 Kd7 39. g6 fxg6 40. Rxg6 Bc7 41. Re2 Re8 42. Rg7+ Kd8 43.
Kc3 Bxf4 44. d4 1/2-1/2

[Event "*** Titled Tuesday Blitz"]
[Site "Chess.com"]
[Date "2019.02.05"]
[Round "10"]
[White "KhalilMousavi77"]
[Black "Vulcanochess"]
[Result "0-1"]
[WhiteElo "2685"]
[BlackElo "2397"]
[TimeControl "180+2"]
[EndTime "15:24:46 PST"]
[Termination "Vulcanochess won by resignation"]

1. d4 d6 2. Nc3 d5 3. Bf4 f5 4. e3 Nf6 5. h4 a6 6. h5 e6 7. h6 g6 8. Qd2 c5 9. O-O-O Bd6 10. Be5 Bxe5 11. dxe5 Nfd7 12. Nxd5 exd5 13. Qxd5 Qe7 14. e6 Nf6 15. Qe5 Nc6 16. Qc3 Bxe6 17. Nf3 Rd8 18. Rxd8+ Kxd8 19. Ng5 Kc7 20. Be2 Rd8 21. Bf3 Bd5 22. Bxd5 Rxd5 23. Qc4 b5 24. Qh4 Ne4 25. Qh2+ Kb6 26. Nh3 Qd6 27. Nf4 Rd2 28. Re1 Nb4 29. Kb1 Nxc2 30. Rc1 Nb4 31. f3 Rxb2+ 0-1

[Event "*** Titled Tuesday Blitz"]
[Site "Chess.com"]
[Date "2019.02.05"]
[Round "10"]
[White "MateusViageiro"]
[Black "saraswathii"]
[Result "1-0"]
[WhiteElo "2206"]
[BlackElo "2243"]
[TimeControl "180+2"]
[EndTime "15:24:47 PST"]
[Termination "MateusViageiro won by resignation"]

1. e4 c5 2. Nf3 e6 3. d4 cxd4 4. Nxd4 Nf6 5. Bd3 Nc6 6. Nb3 d5 7. exd5 exd5 8. O-O Be6 9. Re1 Bd6 10. Bf5 Qd7 11.
Qe2 Ne5 12. f4 Ng6 13. Bxe6 fxe6 14. f5 Ne5 15. fxe6 Qxe6 16. Bf4 Ne4 17. Nd4 Qf6 18.
Qb5+ Kd8 19. Qxd5 1-0

[Event "*** Titled Tuesday Blitz"]
[Site "Chess.com"]
[Date "2019.02.05"]
[Round "10"]
[White "VFernandezB"]
[Black "MathiasWomacka"]
[Result "0-1"]
[WhiteElo "2258"]
[BlackElo "2257"]
[TimeControl "180+2"]
[EndTime "15:24:59 PST"]
[Termination "MathiasWomacka won by resignation"]

1. e4 c5 2. Nf3 d6 3. d4 cxd4 4.
Nxd4 Nf6 5. Nc3 a6 6. Bg5 e6 7.
f4 h6 8. Bh4 Qb6 9. Qd2 Qxb2 10. Rb1 Qa3 11. e5 dxe5 12. fxe5 g5 13. Bg3 Nh5 14.
Rb3 Qa5 15. Ne4 Qxd2+ 16. Kxd2 Be7 17. Be2 Nxg3 18. hxg3 Nd7 19. Nf3 g4 20. Nh2 Nxe5 21. Nxg4 Nxg4 22. Bxg4 b5 23. Bf3 Ra7 24. Ke2 Rc7 25.
c3 f5 26. Bh5+ Kf8 27. Rf1 Kg7 28. Nf2 Bf6 29. g4 Rxc3 30. Rxc3 Bxc3 31. Rc1 b4 32. gxf5 exf5 33. g4 Rd8 34. Rg1 Kf6 35. Nd3 a5 36.
gxf5 Bxf5 37. Rf1 Kg5 38. Ne5 Bxe5 39. Bf3 Bd3+ 0-1

[Event "*** Titled Tuesday Blitz"]
[Site "Chess.com"]
[Date "2019.02.05"]
[Round "10"]
[White "SimonKnightRivendell"]
[Black "Iyael"]
[Result "0-1"]
[WhiteElo "2004"]
[BlackElo "2010"]
[TimeControl "180+2"]
[EndTime "15:25:02 PST"]
[Termination "Iyael won by resignation"]

1. d4 Nf6 2. Nf3 g6 3. g3 Bg7 4. Bg2 d6 5. O-O O-O 6. c4 Nbd7 7. Nc3 e5 8. dxe5 dxe5 9. e4 c6 10. Bg5 h6 11. Bxf6 Qxf6 12. Qc2 a5 13. a3 Nc5 14. b4 Ne6 15. Rfd1 axb4 16. axb4 Rxa1 17. Rxa1 Rd8 18. Ra8 Nd4 19. Nxd4 exd4 20. Nd1 d3 21. Qb3 Bg4 22. Rxd8+ Qxd8 23. f3 Qd4+ 24. Kf1 Be6 25. Qa2 Bxc4 26. Qd2 Ba6 27. f4 Bf8 28. f5 Bxb4 29.
Qf2 d2+ 30. Kg1 Qa1 31. Bf3 Qc1 32. fxg6 Bc5 33. gxf7+ Kf8 0-1

[Event "*** Titled Tuesday Blitz"]
[Site "Chess.com"]
[Date "2019.02.05"]
[Round "10"]
[White "robbykevlishvili"]
[Black "Bigfish1995"]
[Result "0-1"]
[WhiteElo "2771"]
[BlackElo "2962"]
[TimeControl "180+2"]
[EndTime "15:25:05 PST"]
[Termination "Bigfish1995 won by resignation"]

1. e4 c5 2. Nf3 d6 3. d4 cxd4 4. Nxd4 Nf6 5. Nc3 a6 6. Be3 e6 7. f3 b5 8. Qd2 Bb7 9. g4 Nc6 10. Nxc6 Bxc6 11. O-O-O Be7 12. h4 Nd7 13. Kb1 Ne5 14. Qf2 Rc8 15. Ne2 Qc7 16. Nd4 Bxe4 17.
fxe4 Nxg4 18. Qg3 Nxe3 19. Rc1 Nxf1 20. Rhxf1 Bf6 21. Nf3 Qc5 22. e5 Bxe5 23. Nxe5 Qxe5 24.
Qg4 Rc4 25. Qg2 O-O 26. Rce1 Qh5 27. Rg1 g6 28. Qd2 d5 29. Rg5 Qxh4 30. Rgg1 Rfc8 31. Rh1 Qf4 32. Qd3 Rxc2 33. Qh3 h5 34. Ref1 Qb4 0-1

[Event "*** Titled Tuesday Blitz"]
[Site "Chess.com"]
[Date "2019.02.05"]
[Round "10"]
[White "Korchmar_Vasiliy"]
[Black "nailbeshirli"]
[Result "0-1"]
[WhiteElo "2752"]
[BlackElo "2692"]
[TimeControl "180+2"]
[EndTime "15:25:10 PST"]
[Termination "nailbeshirli won by resignation"]

1. d4 Nf6 2. c4 e6 3. g3 d5 4. Bg2 dxc4 5. Nf3 Bd7 6. Ne5 Bc6 7.
Nxc6 Nxc6 8. O-O Nd5 9. e4 Nb6 10. Be3 Be7 11. Nc3 O-O 12. Qd2 Qd7 13. Rad1 Rad8 14.
Qe2 Bb4 15. h4 Bxc3 16. bxc3 Na4 17. Rc1 b5 18. h5 h6 19. e5 Ne7 20. Bd2 c5 21. Rfd1 cxd4 22. cxd4 Nb2 23. Bxh6 Nxd1 24. Qg4 Nf5 25. Bxg7 Qxd4 26. Qg5 Qxf2+ 27. Kh1 Rd2 28.
Bh6+ Kh7 29. Qxd2 Nxg3+ 30. Kh2 Nf1+ 0-1

[Event "*** Titled Tuesday Blitz"]
[Site "Chess.com"]
[Date "2019.02.05"]
[Round "10"]
[White "Entilza"]
[Black "Vamostodorecto"]
[Result "0-1"]
[WhiteElo "2210"]
[BlackElo "2455"]
[TimeControl "180+2"]
[EndTime "15:25:32 PST"]
[Termination "Vamostodorecto won by resignation"]

1. d4 d5 2. c4 dxc4 3. Nf3 Nf6 4. e3 b5 5. a4 b4 6. Bxc4 e6 7. O-O Be7 8. Re1 Bb7 9. Nbd2 O-O 10. e4 c5 11. e5 Nfd7 12. Ne4 cxd4 13. Bf4 Nc6 14. Rc1 Rc8 15. Bd3 Qa5 16. Neg5 h6 17. Nh7 Rfd8 18. Bxh6 gxh6 19. Qd2 Ncxe5 20. Nxe5 Nxe5 21. Rcd1 Nxd3 22. Qxd3 Qd5 0-1

[Event "*** Titled Tuesday Blitz"]
[Site "Chess.com"]
[Date "2019.02.05"]
[Round "10"]
[White "DenisQ"]
[Black "Kumi29"]
[Result "1-0"]
[WhiteElo "2650"]
[BlackElo "2450"]
[TimeControl "180+2"]
[EndTime "15:25:35 PST"]
[Termination "DenisQ won by resignation"]

1. Nf3 f5 2. g3 Nf6 3. Bg2 g6 4. O-O Bg7 5. c4 O-O 6. Nc3 d6 7. d3 e5 8. Rb1 a5 9. a3 Nc6 10. b4 axb4 11. axb4 Ne7 12. Bb2 c6 13. Ra1 Rxa1 14.
Qxa1 Be6 15. Qa7 Qc7 16. b5 Nc8 17. Qa4 d5 18. bxc6 bxc6 19. cxd5 cxd5 20. Nb5 Qb6 21. Bxe5 Bd7 22. Rb1 Ng4 23. Bd4 Bxd4 24. Qxd4 Qa6 25.
Nc7 Qa2 26. Qxd5+ Qxd5 27. Nxd5 Nd6 28. h3 Nf6 29. Ne5 Be6 30. Nxf6+ Rxf6 31. Rb6 Nf7 32. Nd7 Bxd7 33. Rxf6 Kg7 34. Rb6 1-0

[Event "*** Titled Tuesday Blitz"]
[Site "Chess.com"]
[Date "2019.02.05"]
[Round "10"]
[White "Lion_DL"]
[Black "WhiteKnight2612"]
[Result "0-1"]
[WhiteElo "2407"]
[BlackElo "2566"]
[TimeControl "180+2"]
[EndTime "15:25:35 PST"]
[Termination "WhiteKnight2612 won by resignation"]

1. e4 e5 2. f4 exf4 3. Bc4 d5 4. Bxd5 Nf6 5. Nc3 Bb4 6. Nf3 Bxc3 7. dxc3 c6 8. Bc4 Qxd1+ 9. Kxd1 O-O 10. Bxf4 Nxe4 11.
Re1 Nc5 12. b4 Ne6 13. Bg3 b5 14. Bd3 a6 15. a4 Bb7 16. c4 bxa4 17. Rxa4 c5 18.
b5 Nd7 19. Kd2 Nb6 20. Raa1 Rfd8 21. Kc3 axb5 22. cxb5 Na4+ 23. Kb3 Bd5+ 24. c4 Bxf3 25. Rxe6 fxe6 26. Bf1 Bd1+ 0-1

[Event "*** Titled Tuesday Blitz"]
[Site "Chess.com"]
[Date "2019.02.05"]
[Round "10"]
[White "GameOverBro"]
[Black "Sebastian"]
[Result "0-1"]
[WhiteElo "2511"]
[BlackElo "2868"]
[TimeControl "180+2"]
[EndTime "15:25:41 PST"]
[Termination "Sebastian won by resignation"]

1. e4 c5 2. Ne2 d6 3. g3 Nf6 4. Bg2 Nc6 5. O-O g6 6. d4 cxd4 7. Nxd4 Nxd4 8. Qxd4 Bg7 9. a4 O-O 10. a5 Be6 11. Qb4 Qc7 12. Nc3 Nd7 13. Ra3 Rfc8 14.
Bg5 Ne5 15. Nd5 Bxd5 16. exd5 h6 17. Rc3 Nc4 18. Rxc4 Qxc4 19. Qxc4 Rxc4 20. Bxe7 Bf8 21. Bf6 Rxc2 22. Be4 Rc4 23. f3 Re8 24. Kf2 Bg7 25. Bxg7 Kxg7 26. b3 Rc3 27. Rb1 f5 0-1

[Event "*** Titled Tuesday Blitz"]
[Site "Chess.com"]
[Date "2019.02.05"]
[Round "10"]
[White "Al_Shima"]
[Black "Alexander_Donchenko"]
[Result "0-1"]
[WhiteElo "2516"]
[BlackElo "2679"]
[TimeControl "180+2"]
[EndTime "15:25:41 PST"]
[Termination "Alexander_Donchenko won by checkmate"]

1. b3 g6 2. Bb2 Nf6 3. Bxf6 exf6 4. c4 d5 5. cxd5 Qxd5 6. Nc3 Qd8 7. a3 Bg7 8. g3 O-O 9. Bg2 f5 10. e3 c6 11. Nge2 Be6 12. O-O Na6 13. d4 Nc7 14.
Qc2 Nd5 15. Rfc1 Re8 16. Na4 h5 17. h4 Qe7 18. Nc5 Rad8 19. b4 Bc8 20. Qb3 b6 21.
Na4 Ba6 22. Nac3 Nxe3 23. Bxc6 Bc4 24. Qb2 Ng4 25. Bxe8 Rxe8 26. Rc2 f4 27. Nxf4 Qe1+ 28. Rxe1 Rxe1+ 29. Kg2 Bf1+ 30. Kg1 Bh3# 0-1

[Event "*** Titled Tuesday Blitz"]
[Site "Chess.com"]
[Date "2019.02.05"]
[Round "10"]
[White "scaryninja"]
[Black "jamengrand"]
[Result "1-0"]
[WhiteElo "2409"]
[BlackElo "2261"]
[TimeControl "180+2"]
[EndTime "15:25:46 PST"]
[Termination "scaryninja won by resignation"]

1. e4 e5 2. Nf3 Nc6 3. Bc4 Nf6 4.
d3 Be7 5. O-O d6 6. Nbd2 h6 7.
c3 g5 8. d4 g4 9. dxe5 dxe5 10. Nh4 Nh5 11. Nf5 Bxf5 12. exf5 Rg8 13. Ne4 Nf4 14.
Bxf4 exf4 15. Qb3 Ne5 16. Qxb7 Kf8 17. f6 Bxf6 18. Nxf6 Rb8 19. Qxa7 Rg6 20. Qc5+ Qe7 21. Qxe7+ Kxe7 22. Nd5+ Kd6 23. Nxf4 Nxc4 24. Nxg6 fxg6 25.
b3 Nb6 26. Rfe1 Ra8 27. a4 Nc8 28. Re8 Kd7 29. Rae1 Ra6 30. Rf8 Nd6 31. Rf6 Rb6 32. b4 Rc6 33. Rxg6 Rxc3 34. Rxg4 Ra3 35. a5 Kc6 36.
Rc1+ Kb5 37. h3 1-0

[Event "*** Titled Tuesday Blitz"]
[Site "Chess.com"]
[Date "2019.02.05"]
[Round "10"]
[White "GCamachoMartinez"]
[Black "masrahi"]
[Result "1-0"]
[WhiteElo "2358"]
[BlackElo "1844"]
[TimeControl "180+2"]
[EndTime "15:25:47 PST"]
[Termination "GCamachoMartinez won by resignation"]

1. d4 Nf6 2. c4 g6 3. Nf3 Bg7 4. g3 d6 5. Bg2 c6 6. O-O O-O 7. Nc3 Qa5 8. e4 Bg4 9. Be3 Qh5 10. Qe2 Nbd7 11. Rac1 c5 12. Rcd1 a6 13. a4 Rac8 14. b3 cxd4 15. Bxd4 Nc5 16. Bxf6 Bxf6 17. Nd5 Nd7 18.
Nxf6+ exf6 19. Qe3 Ne5 20. Nxe5 Bxd1 21. Nd7 Kg7 22.
Qd4 Rfd8 23. Qxf6+ Kg8 24. Qxd8+ Rxd8 25. Nf6+ Kg7 26.
Nxh5+ gxh5 27. Rxd1 1-0

[Event "*** Titled Tuesday Blitz"]
[Site "Chess.com"]
[Date "2019.02.05"]
[Round "10"]
[White "Ginger_GM"]
[Black "Zufi1811"]
[Result "1-0"]
[WhiteElo "2616"]
[BlackElo "2360"]
[TimeControl "180+2"]
[EndTime "15:25:54 PST"]
[Termination "Ginger_GM won on time"]

1. e4 c5 2. a3 g6 3. h4 h5 4. d4 cxd4 5. c3 d3 6. Bxd3 Bg7 7. c4 d6 8. Nc3 Nf6 9. Be2 O-O 10. Nf3 Bg4 11. Ng5 Bxe2 12. Nxe2 Nc6 13. O-O a6 14. Bd2 Ne5 15. b3 b5 16. cxb5 axb5 17. a4 bxa4 18.
bxa4 Nfd7 19. Bc3 Nc5 20. a5 Qd7 21. Nf4 Rfc8 22. Nd5 Ra7 23. Nb6 Qc7 24. Nxc8 Qxc8 25. Qd5 e6 26. Qxd6 Nc4 27. Qg3 1-0

[Event "*** Titled Tuesday Blitz"]
[Site "Chess.com"]
[Date "2019.02.05"]
[Round "10"]
[White "BvsN"]
[Black "NikolasTheiss"]
[Result "1-0"]
[WhiteElo "2309"]
[BlackElo "2195"]
[TimeControl "180+2"]
[EndTime "15:25:57 PST"]
[Termination "BvsN won by resignation"]

1. d4 f5 2. Nc3 Nf6 3. Bg5 e6 4.
e4 fxe4 5. Nxe4 Be7 6. Bxf6 Bxf6 7. Qh5+ g6 8. Qh6 Qe7 9. Nxf6+ Qxf6 10. Nf3 Nc6 11.
O-O-O d6 12. h4 Bd7 13. d5 exd5 14. Re1+ Ne5 15. Qe3 O-O-O 16. Qxa7 Bc6 17. Be2 Nc4 18. Nd4 Qf4+ 19. Kb1 Kd7 20. g3 Nd2+ 21. Ka1 Qf6 22. Bg4+ 1-0

[Event "*** Titled Tuesday Blitz"]
[Site "Chess.com"]
[Date "2019.02.05"]
[Round "10"]
[White "politeplayer"]
[Black "CzechmVIII"]
[Result "1-0"]
[WhiteElo "2024"]
[BlackElo "2088"]
[TimeControl "180+2"]
[EndTime "15:26:04 PST"]
[Termination "politeplayer won on time"]

1. f4 g6 2. Nf3 Bg7 3. e4 d5 4. e5 c5 5. Bb5+ Nc6 6. O-O Bg4 7.
h3 Bxf3 8. Bxc6+ bxc6 9. Qxf3 e6 10. Nc3 h5 11. b3 Nh6 12. Ba3 Qa5 13. Na4 Bf8 14. Qc3 Qxc3 15. dxc3 c4 16. Bxf8 Kxf8 17. bxc4 Nf5 18. cxd5 cxd5 19. Nc5 Rc8 20. Nd7+ Kg7 21. Rf3 Rc7 22. Nf6 Rhc8 23. g4 hxg4 24. hxg4 Ne7 25. Rh3 Rh8 26. Rxh8 Kxh8 27. Kf2 Rxc3 28. Rh1+ Kg7 29.
Ne8+ Kf8 30. Rh8+ Ng8 31. Nf6 Rxc2+ 32. Kg3 Ke7 33. Rxg8 1-0

[Event "*** Titled Tuesday Blitz"]
[Site "Chess.com"]
[Date "2019.02.05"]
[Round "10"]
[White "ElGasanov"]
[Black "Mikhail_Golubev"]
[Result "0-1"]
[WhiteElo "2701"]
[BlackElo "2502"]
[TimeControl "180+2"]
[EndTime "15:26:05 PST"]
[Termination "Mikhail_Golubev won by resignation"]

1. d4 Nf6 2. Bg5 Ne4 3. Bf4 c5 4. f3 Qa5+ 5. c3 Nf6 6. d5 Qb6 7. b3 e6 8. e4 exd5 9. exd5 Bd6 10. Bg5 O-O 11. Bxf6 Re8+ 12. Kf2 gxf6 13. Bc4 Qc7 14. Ne2 b5 15. Bxb5 c4 16. Bxc4 Ba6 17. Nd2 Bc5+ 18.
Kf1 Qe5 19. Ne4 Bxc4 20. bxc4 d6 21. g4 Nd7 22. N2g3 Qf4 23. Kg2 Rab8 24. Qe2 f5 25.
Nxf5 Ne5 26. Nf6+ Kh8 27. Nxe8 Rb2 0-1

[Event "*** Titled Tuesday Blitz"]
[Site "Chess.com"]
[Date "2019.02.05"]
[Round "10"]
[White "Eliwood44"]
[Black "Synctel"]
[Result "1-0"]
[WhiteElo "2163"]
[BlackElo "1925"]
[TimeControl "180+2"]
[EndTime "15:26:09 PST"]
[Termination "Eliwood44 won on time"]

1. d4 Nf6 2. Nf3 e6 3. c4 Bb4+ 4. Bd2 Qe7 5. g3 Nc6 6. Nc3 O-O 7. Bg2 d6 8. O-O Bxc3 9. Bxc3 e5 10. dxe5 Nxe5 11.
Nxe5 dxe5 12. Qb3 c6 13. Bb4 c5 14. Bc3 Rb8 15. Qa3 b6 16. b4 Re8 17. bxc5 bxc5 18.
Rab1 Bf5 19. Rb3 e4 20. e3 Ng4 21. Rfb1 Rxb3 22. axb3 Qg5 23. Qxc5 Qh5 24. h3 Nf6 25. Bxf6 gxf6 26. Ra1 Rd8 27. Rxa7 Rd2 28. Ra8+ Kg7 29. Qf8+ Kg6 30. g4 1-0

[Event "*** Titled Tuesday Blitz"]
[Site "Chess.com"]
[Date "2019.02.05"]
[Round "10"]
[White "PotapovaM"]
[Black "HajiyevKanan"]
[Result "1-0"]
[WhiteElo "2414"]
[BlackElo "2333"]
[TimeControl "180+2"]
[EndTime "15:26:17 PST"]
[Termination "PotapovaM won by checkmate"]

1. e4 c6 2. d4 d5 3. f3 a6 4. Be3 Qb6 5. b3 Qa5+ 6. c3 Nf6 7. Bd3 e5 8. dxe5 dxe4 9. exf6 exd3 10. Qxd3 Bf5 11.
Qd4 gxf6 12. Qxf6 Rg8 13. g4 Bxb1 14. Rxb1 Bg7 15. Qd6 Bxc3+ 16. Kf2 Qxa2+ 17. Ne2 Rg6 18. Qc7 Nd7 19. Rhd1 Rd8 20. Bb6 Kf8 21. Qxd8+ Kg7 22. Qxd7 Re6 23. Bd4+ Kg6 24. Qxe6+ fxe6 25. Bxc3 Qa3 26.
Nf4+ Kf7 27. Rd7+ Ke8 28. Rbd1 Qa2+ 29. R1d2 Qxb3 30. Rd8+ Ke7 31. R2d7# 1-0

[Event "*** Titled Tuesday Blitz"]
[Site "Chess.com"]
[Date "2019.02.05"]
[Round "10"]
[White "cool4chess"]
[Black "Saitama_Hero"]
[Result "1-0"]
[WhiteElo "2323"]
[BlackElo "2238"]
[TimeControl "180+2"]
[EndTime "15:26:20 PST"]
[Termination "cool4chess won by resignation"]

1. e4 d6 2. d4 g6 3. Nc3 Bg7 4. f4 Nf6 5. Nf3 c5 6. dxc5 Qa5 7. Qd4 O-O 8. Be3 Nc6 9. Qc4 Be6 10. Qb5 Qxb5 11.
Bxb5 Nb4 12. O-O-O Ng4 13. Bg1 Bxc3 14. bxc3 Nxa2+ 15. Kb2 Nf6 16. Ng5 Bg4 17. Re1 h6 18. Nf3 Nxc3 19. Kxc3 dxc5 20. Ne5 Be6 21. Be3 Nxe4+ 22. Kb2 a6 23. Bd3 Nd6 24. Bxc5 b6 25. Bxd6 exd6 26.
Nxg6 Rfe8 27. Nh4 Rec8 28. Nf5 Rc5 29. Nxd6 a5 30. f5 Bd5 31. f6 a4 32. Re7 a3+ 33.
Ka1 a2 34. Rhe1 Kf8 35. Re8+ 1-0

[Event "*** Titled Tuesday Blitz"]
[Site "Chess.com"]
[Date "2019.02.05"]
[Round "10"]
[White "StephenDedalus83"]
[Black "wanyaland"]
[Result "1-0"]
[WhiteElo "2698"]
[BlackElo "2116"]
[TimeControl "180+2"]
[EndTime "15:26:21 PST"]
[Termination "StephenDedalus83 won by resignation"]

1. e4 c5 2. Nf3 d6 3. d4 cxd4 4. Nxd4 Nf6 5. Nc3 a6 6. h3 e6 7. g4 b5 8. g5 b4 9. gxf6 bxc3 10.
fxg7 Bxg7 11. b3 Bb7 12. Bg2 Qh4 13. Qd3 Nd7 14. Ba3 Ne5 15. Qe3 Rc8 16. Bxd6 Bh6 17. Qg3 Bd2+ 18. Kf1 Qxg3 19. fxg3 Ng6 20. e5 Bxg2+ 21.
Kxg2 Kd7 22. Rad1 f6 23. Nf3 fxe5 24. Bxe5 Nxe5 25. Nxe5+ Ke7 26. Nc4 Rhd8 27. Rhf1 Rc5 28.
Rf3 Rcd5 29. Rdf1 Rh8 30. Rf7+ Ke8 31. Ra7 Bg5 32. h4 Bd8 33. Rxa6 Kd7 34. Rf7+ Kc8 35. Rxe6 1-0

[Event "*** Titled Tuesday Blitz"]
[Site "Chess.com"]
[Date "2019.02.05"]
[Round "10"]
[White "charly871"]
[Black "washburn06"]
[Result "0-1"]
[WhiteElo "1833"]
[BlackElo "2434"]
[TimeControl "180+2"]
[EndTime "15:26:23 PST"]
[Termination "washburn06 won by checkmate"]

1. d4 d5 2. c4 Nf6 3. cxd5 c6 4. dxc6 Nxc6 5. Nf3 Bg4 6. e3 e5 7. dxe5 Qxd1+ 8.
Kxd1 O-O-O+ 9. Nd2 Nxe5 10. Be2 Bxf3 11. gxf3 Bb4 12. a3 Bxd2 13. Bxd2 Nd3 14. Bxd3 Rxd3 15. Ke2 Rhd8 16. Rhc1+ Kb8 17. Bc3 Nh5 18. Rd1 Rxd1 19. Rxd1 Rxd1 20. Kxd1 Kc7 21. f4 Kc6 22. Ke2 Kd5 23.
Kf3 Kc4 24. Kg4 g6 25. e4 Kd3 26. f5 Kxe4 27. fxg6 hxg6 28. Kg5 Kf3 29. Bd4 a6 30. b4 Kg2 31. h4 Kf3 32. a4 Ke4 33. Be3 Ke5 34.
b5 Ke4 35. bxa6 bxa6 36. Bb6 Ke5 37. Bd8 Ke6 38. a5 Ng7 39. Bb6 Nf5 40. h5 gxh5 41. Kxh5 Nd6 42. Kg5 Nc4 43. Bd8 Kd7 44. Bb6 Nxb6 45. axb6 a5 46. Kf5 a4 47. Kf6 a3 48.
Kxf7 a2 49. f4 a1=Q 50. f5 Qe5 51. f6 Qd5+ 52. Kg7 Qg2+ 53. Kf8 Ke6 54. f7 Qg6 55. Ke8 Qxf7+ 56. Kd8 Qd7# 0-1

[Event "*** Titled Tuesday Blitz"]
[Site "Chess.com"]
[Date "2019.02.05"]
[Round "10"]
[White "MehdiHosseinipour"]
[Black "GadimbayliA"]
[Result "1/2-1/2"]
[WhiteElo "2546"]
[BlackElo "2814"]
[TimeControl "180+2"]
[EndTime "15:26:24 PST"]
[Termination "Game drawn by agreement"]

1. e4 e6 2. d4 d5 3. Nd2 c5 4. exd5 Qxd5 5. Ngf3 cxd4 6. Bc4 Qd7 7. O-O Nc6 8. Nb3 a6 9. Nbxd4 Nxd4 10. Qxd4 Qxd4 11.
Nxd4 b5 12. Bb3 Bb7 13. a4 b4 14. a5 Bc5 15. Be3 Rc8 16. Ba4+ Kf8 17. Rad1 Bd5 18. Rfe1 Nf6 19. Bf4 h6 20. h3 Kg8 21. c3 bxc3 22.
bxc3 Ba7 23. Be5 Ne4 24. Rc1 1/2-1/2

[Event "*** Titled Tuesday Blitz"]
[Site "Chess.com"]
[Date "2019.02.05"]
[Round "10"]
[White "Agent-JL"]
[Black "Jbd735"]
[Result "0-1"]
[WhiteElo "2256"]
[BlackElo "2466"]
[TimeControl "180+2"]
[EndTime "15:26:28 PST"]
[Termination "Jbd735 won on time"]

1. d4 d5 2. c4 e6 3. Nc3 c6 4. Nf3 Nf6 5. cxd5 exd5 6. Bf4 Bd6 7. e3 Bxf4 8. exf4 O-O 9. Be2 Bf5 10. O-O Nbd7 11. Ne1 Re8 12. Nd3 Qb6 13. g4 Rxe2 14.
Nxe2 Bxg4 15. f3 Bf5 16. Qd2 Re8 17. Rfe1 Nf8 18. Ne5 Ne6 19. Kh1 h5 20. b3 h4 21.
Rg1 Nh5 22. Rg2 f6 23. Nd7 Qc7 24. Nc5 Nexf4 25. Nxf4 Nxf4 0-1

[Event "*** Titled Tuesday Blitz"]
[Site "Chess.com"]
[Date "2019.02.05"]
[Round "10"]
[White "Witaliss"]
[Black "NotFischer"]
[Result "1-0"]
[WhiteElo "2382"]
[BlackElo "2118"]
[TimeControl "180+2"]
[EndTime "15:26:29 PST"]
[Termination "Witaliss won by resignation"]

1. d4 Nf6 2. Nf3 e6 3. c4 d5 4.
Nc3 Nbd7 5. cxd5 exd5 6. Bg5 Be7 7. e3 c6 8. Bd3 O-O 9. Qc2 Re8 10. h3 Nf8 11.
O-O-O Be6 12. Kb1 Rc8 13. g4 c5 14. dxc5 Rxc5 15. Nd4 Qc8 16. Rc1 a6 17. Qe2 Bd7 18.
Bf5 Ne6 19. Bxf6 Bxf6 20. Qd3 Nxd4 21. exd4 Bxf5 22. gxf5 Rc4 23. Nxd5 Rxc1+ 24. Rxc1 Qd8 25. Nxf6+ Qxf6 26. a3 Rd8 27. d5 Qe5 28. d6 h6 29.
Rd1 Rd7 30. Qd5 Qxd5 31. Rxd5 Kf8 32. Kc2 Ke8 33. Kd3 Rd8 34. Kd4 Rd7 35. Kc5 Kd8 36. Re5 b6+ 37. Kc6 b5 38. b4 Ra7 39. h4 Ra8 40. d7 1-0

[Event "*** Titled Tuesday Blitz"]
[Site "Chess.com"]
[Date "2019.02.05"]
[Round "10"]
[White "GataKamsky1974"]
[Black "Fy_Rakotomaharo"]
[Result "1-0"]
[WhiteElo "2747"]
[BlackElo "2481"]
[TimeControl "180+2"]
[EndTime "15:26:31 PST"]
[Termination "GataKamsky1974 won by resignation"]

1. d4 Nf6 2. Nf3 g6 3. Bg5 Bg7 4. Nbd2 d5 5. e3 O-O 6. c3 b6 7. Be2 c5 8. O-O Bb7 9. a4 a6 10. Qb3 Nbd7 11. Rfd1 Re8 12. h3 Qc8 13. Bf4 h6 14.
Ne5 e6 15. Rdc1 c4 16. Qc2 Nxe5 17. Bxe5 Nd7 18. Bxg7 Kxg7 19. f4 b5 20. b4 Nf6 21.
Bf3 Bc6 22. axb5 axb5 23. e4 dxe4 24. Nxe4 Nxe4 25. Bxe4 Qb7 26. Bxc6 Qxc6 27. Qe2 Qd5 28. Qe5+ Kg8 29. Re1 Rxa1 30. Rxa1 Ra8 31. Ra5 Rxa5 32.
bxa5 Qb7 33. Qc5 Qe4 34. Qe5 Qb7 35. Kh2 b4 36. cxb4 Qxb4 37. a6 Qa3 38. Qb8+ Kh7 39. a7 1-0

[Event "*** Titled Tuesday Blitz"]
[Site "Chess.com"]
[Date "2019.02.05"]
[Round "10"]
[White "NMJeevanK"]
[Black "AlexTruskavetsky"]
[Result "1-0"]
[WhiteElo "2377"]
[BlackElo "2286"]
[TimeControl "180+2"]
[EndTime "15:26:31 PST"]
[Termination "NMJeevanK won by resignation"]

1. e4 c6 2. d4 d5 3. Nc3 dxe4 4. Nxe4 Bf5 5. Ng3 Bg6 6. h4 h6 7. Nf3 Nd7 8. h5 Bh7 9. Bd3 Bxd3 10. Qxd3 e6 11. Bd2 Ngf6 12. O-O-O Be7 13. Kb1 O-O 14.
Qe2 Qb6 15. Ne4 Nxe4 16. Qxe4 Nf6 17. Qd3 c5 18. dxc5 Qxc5 19. Be3 Qa5 20. g4 Nxg4 21. Rdg1 Qf5 22. Bd4 Bf6 23. Rxg4 Qxg4 24. Bxf6 Qf5 25. Qxf5 exf5 26. Rg1 g5 27. hxg6 fxg6 28. Rxg6+ Kf7 29.
Ne5+ Ke8 30. Rxh6 Rc8 31. f4 Rc5 32. c4 Rg8 33. Rh7 1-0

[Event "*** Titled Tuesday Blitz"]
[Site "Chess.com"]
[Date "2019.02.05"]
[Round "10"]
[White "LucaBrasi1968"]
[Black "Tiqr777"]
[Result "1-0"]
[WhiteElo "2471"]
[BlackElo "2559"]
[TimeControl "180+2"]
[EndTime "15:26:31 PST"]
[Termination "LucaBrasi1968 won by resignation"]

1. e4 e5 2. Nf3 Nc6 3. d4 exd4 4.
Nxd4 Bc5 5. Be3 Qf6 6. c3 Nge7 7. Bc4 O-O 8. O-O d6 9. Nxc6 Nxc6 10. Bxc5 dxc5 11. f4 Rd8 12. Qe2 Qh6 13. Nd2 Be6 14. Rad1 a6 15. Bxe6 Qxe6 16. Qc4 Qxc4 17. Nxc4 b5 18.
Ne3 Ne7 19. Kf2 Kf8 20. Kf3 Ke8 21. e5 c6 22. Ke4 Rxd1 23. Rxd1 Rd8 24. Rxd8+ Kxd8 25. f5 Kd7 26. g4 Nc8 27. c4 Nb6 28. b3 a5 29. h4 a4 30. h5 h6 31. Kd3 f6 32. e6+ Kd6 33. Nc2 Nc8 34. Na3 b4 35. Nc2 a3 36. Ne1 Ke5 37. Ke3 Nb6 38. Nd3+ Kd6 39. Nxc5 Nc8 40. Kd4 Kc7 41. Nd3 Kb6 42.
Nc5 Ne7 43. Nd7+ Kc7 44. Kc5 1-0